 Dungeon Crawl Stone Soup version 0.32-a0-450-g080537f31e (webtiles) character file.

Game seed: 3007212876349867023

78 Aldia the Chopper (level 4, -11/38 HPs)
             Began as a Mountain Dwarf Reaver on Feb 24, 2024.
             Mangled by Menkaure (13 damage)
             ... on level 4 of the Dungeon.
             The game lasted 00:04:45 (1969 turns).

Aldia the Chopper (Mountain Dwarf Reaver)           Turns: 1969, Time: 00:04:46

Health: -11/38     AC: 11    Str: 17    XL:     4   Next: 15%
Magic:  7/7        EV:  5    Int: 13    God:
Gold:   126        SH:  0    Dex:  8    Spells: 2/7 levels left

rFire   . . .        a - +0 hand axe
rCold   . . .        (no shield)
rNeg    . . .        p - +0 plate armour
rPois   .            o - +0 helmet
rElec   .            (no cloak)
rCorr   .            (no gloves)
SInv    .            (no boots)
Will    .....        h - amulet of magic regeneration Stlth
                     (no ring)
HPRegen 0.26/turn    (no ring)
MPRegen 0.50/turn

%: no passive effects
@: no status effects
A: runic magic, artefact enchanting
a: no special abilities


You were on level 4 of the Dungeon.
You visited 2 branches of the dungeon, and saw 5 of its levels.

You collected 126 gold pieces.

Inventory:

Hand Weapons
 a - a +0 hand axe (weapon)
Armour
 b - a +0 leather armour
 n - a +0 ring mail
 o - a +0 helmet (worn)
 p - a +0 plate armour (worn)
Jewellery
 h - an amulet of magic regeneration (around neck)
Scrolls
 f - a scroll of revelation
 g - a scroll of fog {unknown}
 k - a scroll of poison {unknown}
 m - a scroll of teleportation {unknown}
Potions
 c - a potion of might {unknown}
 d - a potion of curing {unknown}
 e - 2 potions of experience {unknown}
 j - a potion of degeneration {unknown}
 l - a potion of haste {unknown}
 q - a potion of mutation {unknown}
 r - a potion of cancellation {unknown}


   Skills:
 + Level 3.2 Fighting
 + Level 4.1 Axes
 + Level 1.0 Armour
 - Level 1.3 Dodging
 - Level 2.0 Spellcasting
 - Level 3.0 Conjurations
 - Level 2.0 Necromancy


You had 2 spell levels left.
You knew the following spells:

 Your Spells              Type           Power      Damage    Failure   Level
a - Kiss of Death         Conj/Necr      28%        2d7       26%         1
b - Momentum Strike       Conj/Tloc      10%        3d8       50%         2
c - Blink                 Tloc           2%         N/A       71%         2

Your spell library contained the following spells:

 Spells                   Type           Power      Damage    Failure   Level
 Magic Dart               Conj           36%        1d4       21%         1
 Call Imp                 Summ           2%         N/A       71%         2
 Hailstorm                Conj/Ice       5%         3d5       75%         3
 Summon Ice Beast         Ice/Summ       1%         N/A       91%         3
 Sculpt Simulacrum        Ice/Alch       0%         N/A       100%        6


Dungeon Overview and Level Annotations

Branches:
Dungeon (4/15)             Temple (1/1) D:4

Altars:
Ashenzari
Cheibriados
Dithmenos
Fedhas
Gozag
Hepliaklqana
Makhleb
Okawaru
Ru
Trog
Uskayaw
Wu Jian
Xom
Yredelemnul
Zin

Annotations:
D:4 Edmund, Menkaure


Innate Abilities, Weirdness & Mutations

Your spellcasting is much less encumbered by armour.
You can use scrolls of enchantment on lesser artefacts.


Message History

Edmund shouts!
Okay, then.
Menkaure mumbles drily.
Menkaure closely misses you.
As you read the scroll of fear, it crumbles to dust.
You assume a fearsome visage.
Edmund looks frightened!
Menkaure is unaffected.
The kobold looks frightened!
Menkaure gestures at you while chanting.
Pain shoots through your body!
Unknown command.
You hit Menkaure.
Menkaure is lightly damaged.
Menkaure hits you but does no damage.
You hit Menkaure.
Menkaure is moderately damaged.
Menkaure completely misses you.
A kobold opens the door.
You completely miss Menkaure.
Menkaure is moderately damaged.
Menkaure barely misses you. x2
You slash Menkaure!
Menkaure is severely damaged.
Menkaure barely misses you.
You barely miss Menkaure.
Menkaure is severely damaged.
Menkaure hits you! x2
* * * LOW HITPOINT WARNING * * *
You hit Menkaure.
Menkaure is severely damaged.
Menkaure calls on the powers of darkness!
You feel a surge of unholy energy.
You hit Menkaure.
Menkaure is almost destroyed.
Menkaure hits you but does no damage.
You closely miss Menkaure.
Menkaure is almost destroyed.
Menkaure hits you but does no damage.
You hit Menkaure.
Menkaure is almost destroyed.
Menkaure hits you!
You die...

*** ,,** ,,,* ##* ,,,** ##.##
,,,,** *#...# ,,,,,* ##*,...##
****,** #..,*#..### ****,,*
*#..##.@M.##
,,**,,****,,#.......#
,,**,,,,,.....#.###'###***
,,**,,,,,....,###.....#,,***
,,**,,,,,###,,,,#.⌠$⌠.#,,,,******
,,,,,,,,,* #,,,,+..M..'.,,,,,*,,*
*,,***,,,**#.***#.⌠.⌠.#.,.,,,,,,*
*,,,,*,,,,*#.##*#.....#....***,,,
,,*,,,,,,**#...####'###..M#****,,


You could see Menkaure (fast).

Vanquished Creatures
  2 dart slugs (D:1)
  7 orcs
  4 endoplasms (D:1)
  4 giant cockroaches
  7 goblins
  7 hobgoblins
  2 jackals (D:3)
  2 quokkas (D:3)
  7 ball pythons
  4 bats
  3 frilled lizards (D:3)
  5 kobolds
  7 rats
61 creatures vanquished.

Notes
Turn   | Place    | Note
-------+----------+-------------------------------------------
     0 | D:1      | Aldia the Mountain Dwarf Reaver began the quest for the
                  | Orb.
     0 | D:1      | Reached XP level 1. HP: 17/17 MP: 3/3
   166 | D:1      | Reached skill level 4 in Axes
   170 | D:1      | Reached XP level 2. HP: 20/25 MP: 4/4
   564 | D:1      | Reached XP level 3. HP: 31/31 MP: 6/6
   585 | D:1      | Learned a level 2 spell: Momentum Strike
   588 | D:1      | Learned a level 2 spell: Blink
   867 | D:2      | Reached skill level 1 in Necromancy
  1317 | D:3      | Found an ornate altar of the Wu Jian Council.
  1481 | D:3      | Reached XP level 4. HP: 20/38 MP: 7/7
  1894 | D:4      | Found an opulent altar of Gozag.
  1922 | D:4      | Reached skill level 1 in Armour
  1940 | D:4      | Noticed Menkaure
  1941 | D:4      | Found a staircase to the Ecumenical Temple.
  1947 | Temple   | Entered the Ecumenical Temple
  1955 | D:4      | Noticed Edmund
  1965 | D:4      | HP: 1/38 [Menkaure (12)]
  1969 | D:4      | Mangled by Menkaure

Illustrated notes

Levels and vault maps discovered:
D:1:      minmay_arrival_plants_in_alcoves, layout_basic
D:2:      layout_basic, minivault_14
D:3:      layout_loops_cross, mainiacjoe_overflow_chevrons
D:4:      layout_cave_pools, nicolae_gozag_cash_rules_everything_around_me,
          minmay_temple_entry_hall, nicolae_custom_books, uniq_edmund,
          uniq_menkaure
Temple:   nicolae_temple_figure_eight

Skill      XL: |  1  2  3  4 |
---------------+-------------+-----
Axes           | 4 |  4.1
Conjurations   | 3 |  3.0
Spellcasting   | 2 |  2.0
Fighting       | 3 |  3.2
Necromancy     | 1 2 |  2.0
Armour         | 1 |  1.0
Dodging        | |  1.3

Action                     |  1- 3 |  4- 6 || total
---------------------------+-------+-------++-------
  Melee: Hand axe          |   169 |    46 ||   215
    Use: Scroll            |       |     3 ||     3
 Armour: Leather armour    |    63 |       ||    63
         Ring mail         |    35 |     2 ||    37
         Plate armour      |       |    39 ||    39
  Dodge: Dodged            |   109 |    16 ||   125

Table legend: (Time is in decaauts)
 A = Elapsed time spent in this place.
 B = Non-inter-level travel time spent in this place.
 C = Inter-level travel time spent in this place.
 D = Time resting spent in this place.
 E = Time spent auto-exploring this place.
 F = Levels seen in this place.
 G = Mean time per level.
                   A        B        C        D        E       F      G
               +--------+--------+--------+--------+--------+-----+--------+
         Total |   1991 |   1933 |     58 |      0 |   1342 |   5 |  398.2 |
       Dungeon |   1990 |   1932 |     58 |      0 |   1342 |   4 |  497.5 |
        Temple |      1 |      1 |      0 |      0 |      0 |   1 |    1.0 |
               +--------+--------+--------+--------+--------+-----+--------+

Top non-repeatable levels by time:
     D:3: 818 daAuts
     D:1: 657 daAuts
     D:2: 421 daAuts
     D:4: 93 daAuts
  Temple: 1 daAuts
